 Dungeon Crawl Stone Soup version 0.30-a0-782-ge64f9170bb (webtiles) character file.

Game seed: 8690956949032043687

780 tilp the Slasher (level 8, -2/70 HPs)
             Began as a Meteoran Fighter on Mar 17, 2023.
             Slain by an orc warrior
             ... wielding a +0 dire flail
              (14 damage)
             ... on level 7 of the Dungeon.
             The game lasted 00:05:39 (1366 turns).

tilp the Slasher (Meteoran Fighter)                 Turns: 1366, Time: 00:05:39

Health: -2/70      AC: 11    Str: 18    XL:     8   Next: 32%
Magic:  1/9        EV:  8    Int:  9    God:
Gold:   43         SH:  5    Dex: 16    Spells: 7/7 levels left

rFire   + . .      SeeInvis .    a - +2 falchion (elec)
rCold   . . .      Faith    .    c - +0 buckler
rNeg    . . .      Spirit   .    l - +0 chain mail
rPois   .          Reflect  .    (no helmet)
rElec   .          Harm     .    (no cloak)
rCorr   .          Rampage  .    i - +1 pair of gloves {infuse}
Will    +....                    (no boots) Stlth
                                 (no amulet)
HPRegen 0.31/turn                f - ring of protection from fire
MPRegen 0.11/turn                (no ring)

@: glowing
A: sense surroundings 1, otherworldly, glowing, explore regen
a: no special abilities


You were on level 7 of the Dungeon.
You visited 1 branch of the dungeon, and saw 7 of its levels.
You also visited: Bailey.

You collected 75 gold pieces.
You spent 32 gold pieces at shops.

Inventory:

Hand Weapons
 a - a +2 falchion of electrocution (weapon)
 b - a +3 short sword
 m - a +0 long sword
Missiles
 h - 11 poisoned darts (quivered)
Armour
 c - a +0 buckler (worn)
 i - a +1 pair of gloves of infusion (worn)
 l - a +0 chain mail (worn)
Jewellery
 f - a ring of protection from fire (left hand)
Wands
 j - a wand of iceblast (7)
Scrolls
 e - a scroll of identify
 g - a scroll of enchant weapon {unknown}
Potions
 d - 2 potions of might
 k - a potion of attraction


   Skills:
 * Level 5.7 Fighting
 * Level 7.4 Long Blades
 - Level 2.0 Throwing
 - Level 4.0 Armour
 + Level 3.5 Dodging
 - Level 4.0 Shields


You had 7 spell levels left.
You didn't know any spells.
Your spell library was empty.

Dungeon Overview and Level Annotations

Branches:
Dungeon (8/15) Zot: 2925   Bailey (visited)
 Temple: D:4-7         Lair: D:8-11

Altars:

Shops:
D:8 *


Innate Abilities, Weirdness & Mutations

You passively map a small area around you.
You are easily found by Zot.
You glow in the dark.
You regain HP and MP as you explore.


Message History

You hit the orc warrior.
The orc warrior is severely wounded.
The orc warrior hits you with a +0 dire flail!
You are too injured to fight recklessly!
You are too injured to fight recklessly!
You are too injured to fight recklessly!
You hit the orc warrior but do no damage.
The orc warrior is severely wounded.
The orc warrior hits you with a +0 dire flail.
You hit the orc warrior but do no damage.
The orc warrior is severely wounded.
You block the orc warrior's attack.
You hit the orc warrior but do no damage.
The orc warrior is severely wounded.
The orc warrior barely misses you.
You hit the orc warrior.
The orc warrior is almost dead.
You block the orc warrior's attack.
You barely miss the orc warrior.
The orc warrior is almost dead.
The orc warrior hits you with a +0 dire flail!
* * * LOW HITPOINT WARNING * * *
You completely miss the orc warrior.
The orc warrior is almost dead.
The orc warrior hits you with a +0 dire flail.
* * * LOW HITPOINT WARNING * * *
You hit the orc warrior but do no damage.
The orc warrior is almost dead.
The orc warrior hits you with a +0 dire flail!
* * * LOW HITPOINT WARNING * * *
You hit the orc warrior but do no damage.
The orc warrior is almost dead.
The orc warrior barely misses you.
You completely miss the orc warrior.
The orc warrior is almost dead.
You block the orc warrior's attack.
You barely miss the orc warrior.
The orc warrior is almost dead.
The orc warrior hits you with a +0 dire flail!
You die...

##...#########.....#
#.................##
##...###########.##
##.## #.# #.# #.#
#.# *#+# #.# * ,,**
#.# * , * #@# ,
#o#,, *** #o. ,, , ,
#...,,* * ..... ,
......, , .......,*
......... ,


You could see an orc warrior and an orc.

Vanquished Creatures
  3 orc warriors (Bailey)
  A kobold brigand (D:8)
  4 bullfrogs
  A scorpion (D:7)
  3 adders
  3 worms (D:3)
  A dart slug (D:1)
  12 orcs
  5 ball pythons
  3 endoplasms
  3 giant cockroaches
  6 goblins
  4 hobgoblins
  7 kobolds
  2 quokkas (D:3)
  A bat (D:3)
  A frilled lizard (D:3)
  A rat (D:3)
61 creatures vanquished.

Notes
Turn   | Place    | Note
-------+----------+-------------------------------------------
     0 | D:1      | tilp the Meteoran Fighter began the quest for the Orb.
     0 | D:1      | Reached XP level 1. HP: 19/19 MP: 2/2
    41 | D:1      | Reached XP level 2. HP: 26/26 MP: 3/3
   106 | D:3      | Reached skill level 3 in Long Blades
   136 | D:3      | Reached skill level 1 in Dodging
   156 | D:3      | Reached XP level 3. HP: 23/31 MP: 4/4
   205 | D:3      | Found a faded altar of an unknown god.
   471 | D:4      | Reached XP level 4. HP: 40/40 MP: 2/5
   760 | D:5      | Entered Level 5 of the Dungeon
   780 | D:4      | Reached skill level 4 in Long Blades
   828 | D:4      | You fall into a shaft and drop 3 floors!
   847 | D:7      | Noticed a scorpion
   853 | D:7      | Killed a scorpion
   854 | D:7      | Reached skill level 5 in Long Blades
   854 | D:7      | Reached XP level 5. HP: 40/46 MP: 2/6
  1027 | D:8      | Noticed a kobold brigand
  1028 | D:8      | Noticed a bullfrog
  1037 | D:8      | Killed a bullfrog
  1038 | D:8      | Reached skill level 6 in Long Blades
  1038 | D:8      | Reached XP level 6. HP: 36/52 MP: 2/7
  1073 | D:8      | Found Muvesod's General Store.
  1083 | D:8      | Bought a scroll of identify for 32 gold pieces
  1109 | D:8      | Reached skill level 1 in Throwing
  1109 | D:8      | Reached XP level 7. HP: 57/60 MP: 3/8
  1124 | D:8      | Found a flagged portal.
  1142 | Bailey   | Entered a bailey
  1168 | Bailey   | Reached skill level 5 in Fighting
  1245 | Bailey   | Reached skill level 7 in Long Blades
  1245 | Bailey   | Reached XP level 8. HP: 25/68 MP: 2/9
  1366 | D:7      | Slain by an orc warrior

Illustrated notes

Levels and vault maps discovered:
D:1:      saegor_arrival_simple_d, layout_loops_ring
D:2:      layout_basic
D:3:      layout_basic, hellmonk_ecumenical_altar_run_dry
D:4:      minmay_inner_zag, layout_loops_cross
D:5:      layout_rooms, minmay_temple_entry_drinking_statues, uniq_duvessa
D:7:      layout_loops_corners, minmay_manual_mess
D:8:      layout_basic, serial_shops, nicolae_shop_waterfront, enter_bailey_5

Skill      XL: |  1  2  3  4  5  6  7 |
---------------+----------------------+-----
Long Blades    | 3 5 6 7 |  7.4
Dodging        | 1 2 3 |  3.5
Fighting       | 4 5 |  5.7
Throwing       | 1 2 |  2.0
Armour         | 4 |  4.0
Shields        | 4 |  4.0

Action                     |  1- 3 |  4- 6 |  7- 9 || total
---------------------------+-------+-------+-------++-------
  Melee: Long sword        |    68 |    82 |    47 ||   197
         Falchion          |       |       |    19 ||    19
  Evoke: Wand              |       |       |     4 ||     4
    Use: Scroll            |       |     2 |       ||     2
 Armour: Scale mail        |    33 |    22 |       ||    55
         Chain mail        |       |    27 |    45 ||    72
  Dodge: Dodged            |    26 |    21 |    19 ||    66
  Block: Buckler           |    17 |    22 |    26 ||    65

Table legend: (Time is in decaauts)
 A = Elapsed time spent in this place.
 B = Non-inter-level travel time spent in this place.
 C = Inter-level travel time spent in this place.
 D = Time resting spent in this place.
 E = Time spent auto-exploring this place.
 F = Levels seen in this place.
 G = Mean time per level.
                   A        B        C        D        E       F      G
               +--------+--------+--------+--------+--------+-----+--------+
         Total |   1406 |   1246 |    160 |      0 |      0 |   8 |  175.8 |
       Dungeon |   1273 |   1113 |    160 |      0 |      0 |   7 |  181.9 |
        Bailey |    132 |    132 |      0 |      0 |      0 |   1 |  132.0 |
               +--------+--------+--------+--------+--------+-----+--------+

Top non-repeatable levels by time:
     D:3: 567 daAuts
     D:7: 225 daAuts
     D:8: 191 daAuts
     D:4: 170 daAuts
  Bailey: 132 daAuts
     D:1: 83 daAuts
     D:2: 33 daAuts
     D:5: 1 daAuts
